 Dungeon Crawl Stone Soup version 0.31-a0-819-gf6de2f5ab6 (webtiles) character file.

Game seed: 14006830592483686377

305 qw the Shooter (level 6, -2/38 HPs)
             Began as a Gargoyle Hunter on Sept 23, 2023.
             Was an Initiate of Okawaru.
             Slain by an ogre
             ... wielding a +0 giant club
              (23 damage)
             ... on level 4 of the Dungeon.
             The game lasted 00:01:23 (2310 turns).

qw the Shooter (Gargoyle Hunter)                    Turns: 2310, Time: 00:01:23

Health: -2/38      AC: 15    Str: 22    XL:     6   Next: 39%
Magic:  6/6        EV: 12    Int:  9    God:    Okawaru [......]
Gold:   119        SH:  0    Dex: 15    Spells: 5/5 levels left

rFire   + . .        Y - +0 shortbow
rCold   . . .        (shield currently unavailable)
rNeg    + . .        l - +3 leather armour "Upemown" {rPois}
rPois   inf          g - +2 helmet
rElec   +            (no cloak)
rCorr   .            (no gloves)
SInv    +            c - +1 pair of boots of Pein {rElec Str+7 Slay-5 SInv}
Will    .....        i - amulet of the acrobat
Stlth   ++           a - ring of protection from fire
HPRegen 0.26/turn    (no ring)
MPRegen 0.10/turn

%: acrobat
@: no status effects
A: sickness immunity, AC +4, negative energy resistance 1, electricity
resistance, torment resistance 1, petrification resistance
a: Renounce Religion


You were on level 4 of the Dungeon.
You worshipped Okawaru.
Okawaru was noncommittal.
You visited 1 branch of the dungeon, and saw 4 of its levels.

You collected 119 gold pieces.


Innate Abilities, Weirdness & Mutations

You are immune to sickness and miasma.
Your stone body is resilient. (AC +4)
You are immune to poison.
You resist negative energy. (rN+)
You are resistant to electric shocks. (rElec)
You are resistant to unholy torment.
You are immune to petrification.


   Skills:
 - Level 4.1 Fighting
 + Level 6.2 Ranged Weapons
 - Level 2.3 Armour
 - Level 1.5 Dodging
 - Level 1.1 Stealth


You had 5 spell levels left.
You didn't know any spells.
Your spell library was empty.

Inventory:

Hand Weapons
 Y - a +0 shortbow (weapon)
Armour
 c - the +1 pair of boots of Pein (worn) {rElec Str+7 Slay-5 SInv}
   (You acquired it on level 3 of the Dungeon)

   Str+7:     It affects your strength (+7).
   Slay-5:    It affects your accuracy & damage with ranged weapons and melee
   (-5).
   rElec:     It insulates you from electricity.
   SInv:      It lets you see invisible.
 d - a +0 pair of gloves
 g - a +2 helmet (worn)
 l - the +3 leather armour "Upemown" (worn) {rPois}
   (You found it on level 4 of the Dungeon)

   rPois:     It protects you from poison
Jewellery
 a - a ring of protection from fire (left hand)
 i - an amulet of the acrobat (around neck)
Scrolls
 e - 2 scrolls of teleportation
 k - 3 scrolls of identify
Potions
 b - a potion of magic {unknown}
 h - 4 potions of curing
 j - a potion of lignification {unknown}
 m - a potion of cancellation {unknown}
 n - a potion of mutation {unknown}

Dungeon Overview and Level Annotations

Branches:
Dungeon (4/15)
 Temple: D:4-7

Altars:
Hepliaklqana
Okawaru
Qazlal
Yredelemnul


Message History

You shoot an arrow. The arrow barely misses the orc.
The orc shouts!
You shoot an arrow.
The arrow hits the orc but does no damage.
You shoot an arrow. The arrow hits the orc.
The orc is severely wounded.
The orc closely misses you.
You shoot an arrow. The arrow barely misses the orc.
The orc barely misses you.
An ogre comes into view. It is wielding a +0 giant club.
You shoot an arrow. The arrow barely misses the orc.
The ogre shouts!
The orc barely misses you. The orc closely misses you.
You shoot an arrow. The arrow hits the orc.
You kill the orc!
Okawaru accepts your kill.
You shoot an arrow. The arrow barely misses the ogre.
You shoot an arrow.
The arrow hits the ogre but does no damage.
An ogre is nearby!
You shoot an arrow.
The arrow hits the ogre but does no damage.
You shoot an arrow. The arrow hits the ogre.
The ogre is lightly wounded.
The ogre hits you with a +0 giant club!!
You shoot an arrow.
The arrow hits the ogre but does no damage.
The ogre is lightly wounded.
The ogre barely misses you.
You shoot an arrow. The arrow hits the ogre.
The ogre is lightly wounded.
You shoot an arrow. The arrow barely misses the ogre.
The ogre barely misses you.
You shoot an arrow. The arrow hits the ogre.
The ogre is moderately wounded.
The ogre barely misses you.
You shoot an arrow. The arrow barely misses the ogre.
The ogre hits you with a +0 giant club!!
Ouch! That really hurt!
You die...

#####.#..##.#.#
##.##....
#.#..##.#.# #.#..##.
#.........# #.7+777'
##..##.#..# #.7.....
#..##.#.<# ##7.~~~.
#....####### 7.....
#.####¤....# +.._..
......)#O###.~.~.#
7.....
......###@##¤¤_..#
7.~~~. ......
#.###.~.¤.# 7.....
.....
#.##.#.....###7+777+
..... ##
#.###'###........
####
##.##.[#.##....###
#......#.##...>#
#..###.#.......#
#..###.#..#..###
#............###


You could see an ogre.

Vanquished Creatures
  A howler monkey (D:4)
  A hound (D:4)
  2 iguanas (D:4)
  Jessica (D:2)
  An orc wizard (D:4)
  Robin (D:3)
  3 adders
  A worm (D:2)
  A dart slug (D:3)
  7 orcs
  4 ball pythons
  4 bats
  6 endoplasms
  3 giant cockroaches
  7 goblins
  10 hobgoblins
  2 jackals (D:2)
  3 quokkas
  4 frilled lizards
  4 kobolds
  24 rats
90 creatures vanquished.

Notes
Turn   | Place    | Note
-------+----------+-------------------------------------------
     0 | D:1      | qw the Gargoyle Hunter began the quest for the Orb.
     0 | D:1      | Reached XP level 1. HP: 12/12 MP: 1/1
     0 | D:1      | 0 ||| qw: Version: 0.3-a-83-gcd0e7d8
     0 | D:1      | 0 ||| qw: Game counter: 1667
     0 | D:1      | 0 ||| qw: Melee chars always use a shield: true
     0 | D:1      | 0 ||| qw: God list: Okawaru
     0 | D:1      | 0 ||| qw: Allow faded altars: false
     0 | D:1      | 0 ||| qw: Do Orc after clearing Dungeon:15 true
     0 | D:1      | 0 ||| qw: Do second Lair branch before Depths: true
     0 | D:1      | 0 ||| qw: Lair rune preference: random
     0 | D:1      | 0 ||| qw: Goals: Normal
     0 | D:1      | 0 ||| PLANNING D:1-11
   101 | D:1      | Reached XP level 2. HP: 17/17 MP: 2/2
   451 | D:1      | 451 ||| UPGRADING to +0 ring mail.
   461 | D:1      | 461 ||| DROPPING +0 leather armour.
   462 | D:1      | 462 ||| UPGRADING to +2 helmet.
   467 | D:1      | 467 ||| READING scroll labelled DACAOG ZOJ.
   468 | D:1      | 468 ||| READING scroll labelled ITISAI FERENI.
   469 | D:1      | 469 ||| READING scroll labelled XOWNIEPOOMN.
   470 | D:1      | 470 ||| DROPPING scroll of butterflies.
   509 | D:2      | Found a stormy altar of Qazlal.
   569 | D:2      | Noticed Jessica
   571 | D:2      | Killed Jessica
   572 | D:2      | Reached XP level 3. HP: 21/21 MP: 3/3
   656 | D:2      | Reached XP level 4. HP: 26/26 MP: 4/4
   670 | D:2      | Reached skill level 5 in Ranged Weapons
   880 | D:2      | 880 ||| UPGRADING to ring of protection from fire.
   881 | D:2      | 881 ||| READING scroll labelled EWUAXU WIQY.
   884 | D:2      | 884 ||| DRINKING 4 ruby potions.
   944 | D:3      | Noticed Robin
   959 | D:3      | Killed Robin
   960 | D:3      | Reached skill level 3 in Fighting
  1062 | D:3      | Found a hazy altar of Hepliaklqana.
  1359 | D:3      | Reached XP level 5. HP: 31/32 MP: 5/5
  1684 | D:3      | 1684 ||| UPGRADING to amulet of the acrobat.
  1689 | D:3      | 1689 ||| READING scroll labelled OHAMPE DATATIR.
  1689 | D:3      | Identified a scroll of acquirement
  1689 | D:3      | 1689 ||| ACQUIRING +1 pair of boots of Pein {rElec Str+7
                  | Slay-5 SInv}
  1689 | D:3      | Acquired the +1 pair of boots of Pein {rElec Str+7 Slay-5
                  | SInv}
  1691 | D:3      | 1691 ||| UPGRADING to +1 pair of boots of Pein {rElec Str+7
                  | Slay-5 SInv}.
  1696 | D:3      | 1696 ||| READING 4 scrolls labelled RAEGHO COTISA.
  1697 | D:3      | 1697 ||| READING scroll labelled EQIBEW LAGYDGH.
  1698 | D:3      | 1698 ||| READING scroll labelled TUSSIA WUAFIQ.
  1699 | D:3      | 1699 ||| READING 3 scrolls of identify.
  1699 | D:3      | 1699 ||| IDENTIFYING white potion
  1700 | D:3      | 1700 ||| READING 2 scrolls of identify.
  1700 | D:3      | 1700 ||| IDENTIFYING puce potion
  1701 | D:3      | 1701 ||| DROPPING potion of attraction.
  1740 | D:4      | Identified the +3 leather armour "Upemown" {rPois}
  1790 | D:4      | Found an iron altar of Okawaru.
  1791 | D:4      | 1791 ||| PLANNING OKAWARU WORSHIP
  1791 | D:4      | 1791 ||| UPGRADING to +3 leather armour "Upemown" {rPois}.
  1801 | D:4      | 1801 ||| DROPPING +0 ring mail.
  1802 | D:4      | 1802 ||| READING scroll labelled IGHIKHL BUFUIJ.
  1807 | D:4      | Became a worshipper of Warmaster Okawaru
  1808 | D:4      | 1808 ||| PLANNING D:1-11
  1846 | D:4      | HP: 3/32 [iguana (10)]
  1847 | D:4      | 1847 ||| READING 2 scrolls of teleportation.
  1848 | D:4      | 1848 ||| DRINKING potion of heal wounds.
  2033 | D:4      | Found a basalt altar of Yredelemnul.
  2058 | D:4      | Reached skill level 6 in Ranged Weapons
  2135 | D:4      | Reached XP level 6. HP: 35/37 MP: 6/6
  2310 | D:4      | Slain by an ogre

Levels and vault maps discovered:
D:1:      heliophobic_arrival_henge, layout_basic
D:2:      layout_rooms, basic_altar, uniq_jessica
D:3:      layout_loops_ring, lemuel_tele_altar, minmay_hedge_maze,
          eino_tiny_chamber, minmay_rat_hole, uniq_robin
D:4:      layout_loops_cross, kennysheep_little_box, marbit_many_paths,
          mainiacjoe_overflow_six_doors_small, uniq_crazy_yiuf_cottage

Skill      XL: |  1  2  3  4  5  6 |
---------------+-------------------+-----
Armour         | 2 |  2.3
Ranged Weapons | 5 6 |  6.2
Fighting       | 3 4 |  4.1
Dodging        | |  1.5
Stealth        | |  1.1

Action                     |  1- 3 |  4- 6 || total
---------------------------+-------+-------++-------
   Fire: Shortbow          |    94 |   281 ||   375
    Use: Scroll            |     3 |     9 ||    12
         Potion            |       |     2 ||     2
 Armour: Ring mail         |    25 |    51 ||    76
         Leather armour    |       |    74 ||    74
  Dodge: Dodged            |    26 |   140 ||   166

Table legend:
 A = Non-vault XP
 B = Vault XP
 C = Vault XP percentage of total XP
 D = Non-vault monster count
 E = Vault monster count
 F = Vault count percentage of total count
                 A         B        C        D         E       F
            +---------+---------+-------+---------+---------+-------
      Total |     346 |      91 |  20.8 |      59 |      31 |  34.4
            +---------+---------+-------+---------+---------+-------
        D:1 |      21 |       0 |   0.0 |      13 |       0 |   0.0
        D:2 |      41 |      37 |  47.4 |      25 |       1 |   3.8
        D:3 |      34 |      54 |  61.4 |       5 |      30 |  85.7
        D:4 |     250 |       0 |   0.0 |      16 |       0 |   0.0
            +---------+---------+-------+---------+---------+-------
